 Dungeon Sprint DCSS version 0.31-a0-664-g902f515a81 (webtiles) character file.

Game seed: 3879295041974802806

10996 Conn the Scorcher (level 11, -6/63 HPs)
             Began as an Octopode Fire Elementalist on Sept 2, 2023.
             Was a High Priest of Sif Muna.
             Killed by an exploding themself (33 damage)
             ... ignited by their inner flame
             ... in the Dungeon (Sprint I: "Red Sonja").
             The game lasted 00:31:50 (3668 turns).

Conn the Scorcher (Octopode Fire Elementalist)      Turns: 3668, Time: 00:31:56

Health: -6/63      AC:  1    Str: 11    XL:     11   Next: 70%
Magic:  17/29      EV: 15    Int: 24    God:    Sif Muna [*****.]
Gold:   361        SH:  0    Dex: 13    Spells: 3/38 levels left

rFire   . . .        j - +8 dagger "Piffeone" {venom, rCorr Str+3 Int+3 Stlth+}
rCold   . . .        (no shield)
rNeg    . . .        (helmet restricted)
rPois   +            p - amulet of regeneration
rElec   .            r - ring of poison resistance
rCorr   +            (no ring)
SInv    .            (no ring)
Will    .....        (no ring)
Stlth   +++++        (no ring)
HPRegen 1.10/turn    (no ring)
MPRegen 0.21/turn    (no ring)
                     (no ring)

%: no teleportation
@: no status effects
A: almost no armour, amphibious, 8 rings, camouflage 1, gelatinous body 1,
(nimble swimmer 1), tentacles, screaming 1
a: Renounce Religion, Channel Magic, Forget Spell, Divine Exegesis


You were in the Dungeon.
You worshipped Sif Muna.
Sif Muna was extremely pleased with you.
You visited 1 branch You collected 2764 gold pieces.
You spent 2403 gold pieces at shops.

Inventory:

Hand Weapons
 g - a +8 club
 j - the +8 dagger "Piffeone" (weapon) {venom, rCorr Str+3 Int+3 Stlth+}
   (You bought it in a shop in the Dungeon)

   Str+3:     It affects your strength (+3).
   Int+3:     It affects your intelligence (+3).
   rCorr:     It protects you from acid and corrosion.
   Stlth+:    It makes you more stealthy.
 l - the +8 dagger "Ocunag" {elec, rC+}
   (You bought it in a shop in the Dungeon)

   rC+:       It protects you from cold.
 m - the +8 trident "Gecaggas" {drain, Drain +Blink rC+}
   (You bought it in a shop in the Dungeon)

   rC+:       It protects you from cold.
   +Blink:    It lets you blink.
   Drain:     It drains your maximum health when unequipped.
 o - the +10 morningstar "Eos" {elec, Halo rElec}
   (You found it in the Dungeon)

   Halo:      It grants its wielder a halo, revealing invisible creatures and
   increasing accuracy against all within it other than the wielder.
   rElec:     It insulates you from electricity.
Missiles
 i - a curare-tipped dart (quivered)
Armour
 n - a +2 tower shield of protection
Jewellery
 p - an amulet of regeneration (around mantle)
 r - a ring of poison resistance (left tentacle)
Wands
 e - a wand of paralysis (15)
Scrolls
 f - 2 scrolls of blinking
 h - a scroll of poison
Potions
 a - 3 potions of magic
 b - 3 potions of curing
 c - a potion of heal wounds
 d - a potion of haste
 q - a potion of lignification
 s - a potion of brilliance


   Skills:
 + Level 1.0 Fighting
 + Level 0.9 Throwing
 + Level 5.9 Dodging
 - Level 7.1 Stealth
 * Level 5.1 Shields
 + Level 14.4 Spellcasting
 * Level 10.2 Conjurations
 + Level 5.1 Hexes
 * Level 2.7 Summonings
 - Level 3.6 Translocations
 + Level 17.3 Fire Magic
 * Level 2.6 Air Magic
 * Level 8.7 Invocations


You had 3 spell levels left.
You knew the following spells:

 Your Spells              Type           Power      Damage    Failure   Level
a - Foxfire               Conj/Fire      100%       2x1d9     0%          1
b - Scorch                Fire           100%       2d9       0%          2
c - Inner Flame           Hex/Fire       63%        N/A       1%          3
d - Starburst             Conj/Fire      35%        6d10      1%          6
e - Blink                 Tloc           68%        N/A       1%          2
f - Fireball              Conj/Fire      35%        3d15      1%          5
g - Iskenderun's Battles  Conj           60%        2d11      1%          5
h - Arcjolt               Conj/Air       24%        1d34      7%          5
i - Summon Guardian Gole  Hex/Summ       36%        N/A       1%          3
j - Call Canine Familiar  Summ           30%        N/A       3%          3

Your spell library contained the following spells:

 Spells                   Type           Power      Damage    Failure   Level
 Kiss of Death            Conj/Necr      100%       2d13      1%          1
 Summon Small Mammal      Summ           100%       N/A       1%          1
 Momentum Strike          Conj/Tloc      100%       3d10      1%          2
 Static Discharge         Conj/Air       96%        2-6/arc   1%          2
 Ignite Poison            Fire/Tmut/Pois 45%        N/A       1%          3
 Volatile Blastmotes      Fire/Tloc      100%       2d18      1%          3
 Sting                    Tmut/Pois      68%        1d6       3%          1
 Cigotuvi's Dreadful Rot  Necr/Pois/Air  42%        N/A       3%          2
 Flame Wave               Conj/Fire      70%        2d16      1%          4
 Sticky Flame             Conj/Fire      70%        2d8       1%          4
 Manifold Assault         Tloc           34%        N/A       8%          4
 Freezing Cloud           Conj/Ice/Air   18%        6-21      16%         5
 Ignition                 Fire           39%        3d12      19%         8
 Leda's Unmaking          Conj/Erth      20%        9d4       54%         6
 Spellforged Servitor     Conj/Summ      24%        N/A       90%         7
 Lehudib's Crystal Spear  Conj/Erth      20%        10d6      100%        8
 Fire Storm               Conj/Fire      35%        8d9       100%        9


Dungeon Overview and Level Annotations

Branches:
Dungeon (1/1)

Altars:
Cheibriados
Dithmenos
Elyvilon
Fedhas
Gozag
Hepliaklqana
Kikubaaqudgha
Makhleb
Nemelex Xobeh
Okawaru
Qazlal
Ru
Sif Muna
Trog
Uskayaw
Vehumet
Wu Jian
Xom
Yredelemnul
Zin
The Shining One
Jiyva
Lugonu

Shops:
D =(??:?=*!*:([![!:([[(


Innate Abilities, Weirdness & Mutations

You cannot wear most types of armour.
You are amphibious.
You can wear up to eight rings at the same time.
Your skin changes colour to match your surroundings (Stealth+).
Your rubbery body absorbs attacks. (AC +1, EV +1)
((You are camouflaged when in or above water. (Stealth+)))
You have tentacles for arms and can constrict up to eight enemies at once.
You occasionally shout uncontrollably at your foes.


Message History

The lindwurm bites your guardian golem!
The lindwurm claws your guardian golem but does no damage.
The lindwurm barely misses your guardian golem.
Unknown command.
Unknown command.
Casting: Scorch (safe; 0% risk of failure)
Confirm with . or Enter, or press ? or * to list all spells.
Flames lash the lindwurm.
The lindwurm is burned terribly!
The lindwurm is moderately wounded.
The lindwurm bites your guardian golem.
The lindwurm claws your guardian golem. x2
Unknown command.
Casting: Scorch (safe; 0% risk of failure)
Confirm with . or Enter, or press ? or * to list all spells.
Flames lash the lindwurm.
The lindwurm is burned terribly!
The lindwurm is severely wounded.
The lindwurm breathes flames at you.
The blast of flame hits your guardian golem!
Your guardian golem resists.
The blast of flame hits you!!
Your guardian golem overheats!
Unknown command.
Unknown command.
Something bites your guardian golem but does no damage.
Something claws your guardian golem! Flame seeps out of your guardian golem.
Something claws your guardian golem! Flame seeps out of your guardian golem.
There is an open door here.
Unknown command.
Casting: Scorch (safe; 0% risk of failure)
Confirm with . or Enter, or press ? or * to list all spells.
Flames lash the lindwurm.
The lindwurm is burned terribly!
The lindwurm is almost dead.
The lindwurm breathes flames at you.
The blast of flame hits your guardian golem!
Your guardian golem resists.
Your guardian golem disappears in a puff of smoke!
The blast of flame hits you!!
Your guardian golem explodes!
The fiery explosion engulfs you!!
Ouch! That really hurt!
You die...

######################
'..#__#..'.).#..#.§§§+
#..'..'..#...##'#k#
##'#__####...'§§#§#
.#.####..#####§§@§#
##)#§§§§.#§.##)####
#_.§§§§.§§§.#.....#
.._#§~~..#§.#..○..+
.#'##+#####'###○.○#
'#[#[...###.'.#.°.#
.####'###[###.#.°##
..'.....'[∩##.#..#
..###########§##☼#


You could see a lindwurm (combustible).

Vanquished Creatures
  2 centaur warriors (D)
  2 demonic crawlers (D)
  Sonja (D)
  A deep troll (D)
  8 shining eyes (D)
  An oklob plant (D)
  A gargoyle (D)
  2 unseen horrors (D)
  2 kobold demonologists (D)
  A hornet (D)
  Sigmund (D)
  A slime creature (D)
  A yak (D)
  2 redbacks (D)
  6 floating eyes (D)
  An ogre (D)
  7 necrophages (D)
  8 jellies (D)
  Ijyb (D)
  2 ballistomycete spores (D)
51 creatures vanquished.

Vanquished Creatures (others)
  A demonic crawler (D)
  132 foxfires (D)
133 creatures vanquished.

Grand Total: 184 creatures vanquished

Notes
Turn   | Place    | Note
-------+----------+-------------------------------------------
     0 | D        | Conn the Octopode Fire Elementalist began the quest for the
                  | Orb.
     0 | D        | Reached XP level 1. HP: 11/11 MP: 3/3
     1 | D        | Noticed Ijyb
     9 | D        | Killed Ijyb
    10 | D        | Reached skill level 5 in Fire Magic
    10 | D        | Reached XP level 2. HP: 6/17 MP: 4/6
    10 | D        | Reached XP level 3. HP: 8/21 MP: 4/7
    21 | D        | Learned a level 2 spell: Scorch
    25 | D        | Learned a level 3 spell: Inner Flame
    70 | D        | Noticed an ogre
    76 | D        | Killed an ogre
    77 | D        | Reached skill level 7 in Fire Magic
    77 | D        | Reached XP level 4. HP: 27/27 MP: 2/10
   139 | D        | Noticed Sigmund
   144 | D        | Killed Sigmund
   145 | D        | Reached skill level 5 in Stealth
   145 | D        | Reached skill level 5 in Spellcasting
   145 | D        | Reached skill level 9 in Fire Magic
   145 | D        | Reached XP level 5. HP: 31/31 MP: 4/13
   145 | D        | Reached XP level 6. HP: 36/36 MP: 4/14
   223 | D        | Found an ornate altar of the Wu Jian Council.
   223 | D        | Found a shimmering blue altar of Sif Muna.
   225 | D        | Found a radiant altar of Vehumet.
   231 | D        | Became a worshipper of Sif Muna the Loreminder
   261 | D        | Learned a level 4 spell: Flame Wave
   261 | D        | Found Noenoanase's Magic Scroll Emporium.
   261 | D        | Found an ancient bone altar of Kikubaaqudgha.
   261 | D        | Found a hazy altar of Hepliaklqana.
   261 | D        | Found a stormy altar of Qazlal.
   261 | D        | Found a hide-covered altar of Uskayaw.
   261 | D        | Found a blossoming altar of Fedhas.
   261 | D        | Found a bloodstained altar of Trog.
   261 | D        | Found an iron altar of Okawaru.
   261 | D        | Found a basalt altar of Yredelemnul.
   261 | D        | Found a glowing golden altar of the Shining One.
   261 | D        | Found a snail-covered altar of Cheibriados.
   261 | D        | Found a sacrificial altar of Ru.
   261 | D        | Found a glowing silver altar of Zin.
   261 | D        | Found a shadowy altar of Dithmenos.
   261 | D        | Found a white marble altar of Elyvilon.
   261 | D        | Noticed a yak
   269 | D        | Killed a yak
   270 | D        | Reached skill level 5 in Dodging
   270 | D        | Reached skill level 10 in Fire Magic
   272 | D        | Found an opulent altar of Gozag.
   273 | D        | Found a sparkling altar of Nemelex Xobeh.
   277 | D        | Bought a scroll of blinking for 97 gold pieces
   277 | D        | Bought a scroll of poison for 52 gold pieces
   325 | D        | Noticed Sonja
   329 | D        | Killed Sonja
   330 | D        | Reached skill level 12 in Fire Magic
   330 | D        | Reached XP level 7. HP: 41/41 MP: 7/19
   330 | D        | Reached XP level 8. HP: 46/46 MP: 7/20
   425 | D        | Identified the +7 ring mail of Fyno {MP-9 Str+4}
   446 | D        | Found Ewokhin's Jewellery Boutique.
   466 | D        | Noticed a deep troll
   475 | D        | Killed a deep troll
   475 | D        | Reached * piety under Sif Muna
   476 | D        | Reached skill level 13 in Fire Magic
   489 | D        | Found Huwoxy's Armour Emporium.
   529 | D        | Found a burning altar of Makhleb.
   529 | D        | Found a viscous altar of Jiyva.
   529 | D        | Found a shimmering altar of Xom.
   529 | D        | Found a corrupted altar of Lugonu.
   529 | D        | Noticed a slime creature
   544 | D        | Killed a slime creature
   545 | D        | Reached skill level 10 in Spellcasting
   545 | D        | Reached skill level 5 in Conjurations
   545 | D        | Reached skill level 14 in Fire Magic
   545 | D        | Reached XP level 9. HP: 51/51 MP: 8/23
   623 | D        | Noticed a kobold demonologist
   625 | D        | Killed a kobold demonologist
   625 | D        | Reached ** piety under Sif Muna
   626 | D        | Noticed a kobold demonologist
   629 | D        | Killed a kobold demonologist
   715 | D        | Noticed a shining eye
   715 | D        | Noticed a shining eye
   715 | D        | Noticed a shining eye
   719 | D        | Paralysed by a floating eye for 3 turns
   722 | D        | Noticed a shining eye
   728 | D        | Noticed a shining eye
   728 | D        | Paralysed by a floating eye for 2 turns
   733 | D        | Paralysed by a floating eye for 2 turns
   736 | D        | Paralysed by a floating eye for 3 turns
   746 | D        | Paralysed by a floating eye for 4 turns
   753 | D        | Paralysed by a floating eye for 4 turns
   760 | D        | Paralysed by a floating eye for 3 turns
   766 | D        | Paralysed by a floating eye for 4 turns
   773 | D        | Paralysed by a floating eye for 4 turns
   781 | D        | Paralysed by a floating eye for 2 turns
   786 | D        | Paralysed by a floating eye for 3 turns
   792 | D        | Paralysed by a floating eye for 3 turns
   800 | D        | Paralysed by a floating eye for 3 turns
   806 | D        | Paralysed by a floating eye for 4 turns
   814 | D        | Paralysed by a floating eye for 4 turns
   820 | D        | Paralysed by a floating eye for 2 turns
   823 | D        | Reached skill level 1 in Hexes
   823 | D        | Reached skill level 1 in Invocations
   828 | D        | Killed a shining eye
   828 | D        | Reached *** piety under Sif Muna
   829 | D        | Reached skill level 15 in Fire Magic
  1158 | D        | Killed a shining eye
  1162 | D        | Gained mutation: You occasionally shout uncontrollably at
                  | your foes. [a shining eye]
  1163 | D        | Killed a shining eye
  1164 | D        | Reached XP level 10. HP: 56/56 MP: 8/25
  1167 | D        | Killed a shining eye
  1167 | D        | Reached **** piety under Sif Muna
  1168 | D        | Reached skill level 5 in Invocations
  1298 | D        | Noticed a shining eye
  1311 | D        | Killed a shining eye
  1314 | D        | Killed a shining eye
  1315 | D        | Reached skill level 16 in Fire Magic
  1382 | D        | Noticed a shining eye
  1382 | D        | Noticed a shining eye
  1401 | D        | Killed a shining eye
  1412 | D        | Paralysed by a floating eye for 2 turns
  1421 | D        | Paralysed by a floating eye for 3 turns
  1499 | D        | Killed a shining eye
  1499 | D        | Reached ***** piety under Sif Muna
  1507 | D        | Found Peyproum's Book Shop.
  1507 | D        | Found Posina's Antique Weapon Shoppe.
  1507 | D        | Found Borayk's Magic Scroll Boutique.
  1507 | D        | Found Guhic's Magic Scroll Emporium.
  1531 | D        | Bought a scroll of acquirement for 520 gold pieces
  1533 | D        | Acquired 1086 gold pieces
  1542 | D        | Bought an Inescapable Atlas for 192 gold pieces
  1547 | D        | Learned a level 2 spell: Blink
  1576 | D        | Bought a fine dagger for 175 gold pieces
  1576 | D        | Identified the +8 dagger "Ocunag" {elec, rC+} (You bought
                  | it in a shop in the Dungeon)
  1583 | D        | Bought a crystal trident for 212 gold pieces
  1583 | D        | Identified the +8 trident "Gecaggas" {drain, Drain +Blink
                  | rC+} (You bought it in a shop in the Dungeon)
  1637 | D        | Bought a +2 tower shield of protection for 301 gold pieces
  1652 | D        | Noticed a centaur warrior
  1659 | D        | Noticed a centaur warrior
  1662 | D        | Killed a centaur warrior
  1662 | D        | Received a gift from Sif Muna
  1663 | D        | Reached skill level 1 in Shields
  1663 | D        | Reached skill level 1 in Translocations
  1665 | D        | Killed a centaur warrior
  1666 | D        | Reached XP level 11. HP: 53/61 MP: 12/28
  1666 | D        | Got Zuke's Atlas of Contaminants {god gift}
  1757 | D        | Noticed an oklob plant
  2026 | D        | Killed an oklob plant
  2299 | D        | Paralysed by a floating eye for 3 turns
  2309 | D        | Paralysed by a floating eye for 2 turns
  2313 | D        | Paralysed by a floating eye for 3 turns
  2321 | D        | Paralysed by a floating eye for 3 turns
  2326 | D        | Paralysed by a floating eye for 3 turns
  2331 | D        | Received a gift from Sif Muna
  2332 | D        | Got Sif Muna's Grimoire of Familiar Concussion {god gift}
  2648 | D        | Reached skill level 17 in Fire Magic
  2835 | D        | Received a gift from Sif Muna
  2840 | D        | Found Gour's General Store.
  2849 | D        | Got Sif Muna's Codex of Impulse {god gift}
  2856 | D        | Learned a level 5 spell: Fireball
  2862 | D        | Learned a level 5 spell: Iskenderun's Battlesphere
  2868 | D        | Learned a level 5 spell: Arcjolt
  2869 | D        | Found Capourec's Jewellery Shop.
  2869 | D        | Found Amaperph's Distillery.
  2869 | D        | Found the +10 morningstar "Eos" {elec, Halo rElec}
  2870 | D        | Found Buucut's Antique Weapon Boutique.
  2870 | D        | Found Iwnegiat's Antique Armour Emporium.
  2879 | D        | Found Gijoalom's Antique Weapon Emporium.
  2902 | D        | Found Tureud's Assorted Antiques.
  2902 | D        | Found Ukithiawi's Book Shop.
  2902 | D        | Found Yriat's Antique Weapon Shoppe.
  2902 | D        | Found Kaugugit's Antique Armour Boutique.
  2902 | D        | Found Bith's Distillery.
  2902 | D        | Found Fudif's Armour Shop.
  2902 | D        | Found Leoseor's Distillery.
  2906 | D        | Found Pidoh's Book Boutique.
  2923 | D        | Bought a book of Callings for 280 gold pieces
  2928 | D        | Bought a dazzling dagger for 126 gold pieces
  2928 | D        | Identified the +8 dagger "Piffeone" {venom, rCorr Str+3
                  | Int+3 Stlth+} (You bought it in a shop in the Dungeon)
  2931 | D        | Bought a thin bone amulet for 135 gold pieces
  2937 | D        | Bought a potion of lignification for 33 gold pieces
  2971 | D        | Bought a ring of poison resistance for 280 gold pieces
  3021 | D        | Learned a level 3 spell: Summon Guardian Golem
  3025 | D        | Learned a level 3 spell: Call Canine Familiar
  3028 | D        | Noticed a demonic crawler
  3028 | D        | Noticed a demonic crawler
  3028 | D        | Noticed a demonic crawler
  3028 | D        | Noticed a demonic crawler
  3234 | D        | Killed a demonic crawler
  3234 | D        | Reached ****** piety under Sif Muna
  3235 | D        | Reached skill level 1 in Summonings
  3235 | D        | Reached skill level 1 in Air Magic
  3395 | D        | Killed a demonic crawler
  3396 | D        | Reached skill level 10 in Conjurations
  3396 | D        | Reached skill level 5 in Hexes
  3493 | D        | Killed a demonic crawler
  3494 | D        | Reached skill level 5 in Shields
  3589 | D        | Received a gift from Sif Muna
  3590 | D        | Reached skill level 1 in Fighting
  3590 | D        | Got Zaefuryhar's Codex of Combative Anthracomancy {god
                  | gift}
  3650 | D        | Learned a level 6 spell: Starburst
  3661 | D        | Noticed a lindwurm
  3668 | D        | Killed by an exploding themself... ignited by their inner
                  | flame

Illustrated notes

Levels and vault maps discovered:
D:        dungeon_sprint_1 [red_sonja_temple_1, red_sonja_temple_small_1]

Skill      XL: |  1  2  3  4  5  6  7  8  9 10 11 |
---------------+----------------------------------+-----
Stealth        | 3 4 5 7 |  7.1
Spellcasting   | 3 4 5 8 10 11 13 14 | 14.4
Fire Magic     | 5 7 9 12 14 15 16 17 | 17.3
Dodging        | 3 4 5 |  5.9
Conjurations   | 2 3 5 7 9 10 | 10.2
Hexes          | 3 4 5 |  5.1
Invocations    | 4 7 8 |  8.7
Shields        | 2 5 |  5.1
Translocations | 2 3 |  3.6
Summonings     | 2 |  2.7
Air Magic      | 2 |  2.6
Fighting       | 1 |  1.0
Throwing       | |  0.9

Action                     |  1- 3 |  4- 6 |  7- 9 | 10-12 || total
---------------------------+-------+-------+-------+-------++-------
  Melee: Unarmed           |     5 |       |       |       ||     5
         Constrict         |     1 |       |       |     1 ||     2
         Tentacles         |     1 |       |       |     1 ||     2
         Dagger            |       |       |       |     2 ||     2
         Punch             |       |       |       |     1 ||     1
  Throw: Dart              |       |       |     2 |     1 ||     3
   Cast: Foxfire           |     3 |     8 |    18 |    61 ||    90
         Scorch            |     1 |     9 |    14 |    59 ||    83
         Inner Flame       |       |       |    13 |    11 ||    24
         Flame Wave        |       |       |     2 |     8 ||    10
         Summon Guardian G |       |       |       |     7 ||     7
         Fireball          |       |       |       |     5 ||     5
         Call Canine Famil |       |       |       |     5 ||     5
         Iskenderun's Batt |       |       |       |     5 ||     5
         Blink             |       |       |       |     1 ||     1
 Invoke: Forget Spell      |       |       |       |     1 ||     1
    Use: Potion            |     1 |       |     1 |       ||     2
         Scroll            |       |       |       |     2 ||     2
 Armour: Skin              |     2 |       |     1 |    35 ||    38
  Dodge: Dodged            |     1 |     1 |       |    16 ||    18

Table legend: (Time is in decaauts)
 A = Elapsed time spent in this place.
 B = Non-inter-level travel time spent in this place.
 C = Inter-level travel time spent in this place.
 D = Time resting spent in this place.
 E = Time spent auto-exploring this place.
 F = Levels seen in this place.
 G = Mean time per level.
                   A        B        C        D        E       F      G
               +--------+--------+--------+--------+--------+-----+--------+
         Total |   3678 |   3662 |     16 |   2216 |     13 |   1 | 3678.0 |
       Dungeon |   3678 |   3662 |     16 |   2216 |     13 |   1 | 3678.0 |
               +--------+--------+--------+--------+--------+-----+--------+

Top non-repeatable levels by time:
       D: 3678 daAuts
